 Dungeon Crawl Stone Soup version 0.30-a0-141-g30f27751c5 (webtiles) character file.

Game seed: 14497741331129712103

4391 qw the Cleaver (level 10, -7/64 HPs)
             Began as a Gargoyle Fighter on Sept 25, 2022.
             Was an Elder of Okawaru.
             Mangled by a polar bear (10 damage)
             ... on level 1 of the Lair of Beasts.
             The game lasted 00:03:19 (9666 turns).

qw the Cleaver (Gargoyle Fighter)                   Turns: 9666, Time: 00:03:20

Health: -7/64      AC: 25    Str: 24    XL:     10   Next: 35%
Magic:  12/13      EV:  8    Int:  9    God:    Okawaru [****..]
Gold:   631        SH:  5    Dex:  9    Spells: 9/9 levels left

rFire   . . .      SeeInvis .    Y - +0 war axe
rCold   . . .      Faith    .    c - +0 buckler
rNeg    + . .      Spirit   .    e - +2 plate armour {Will+}
rPois   inf        Reflect  .    (no helmet)
rElec   +          Harm     .    n - +0 cloak
rCorr   .          Rampage  .    (no gloves)
Will    ++...                    (no boots)
Stlth   ..........               (no amulet)
HPRegen 0.20/turn                b - ring of willpower
MPRegen 0.13/turn                (no ring)

@: heroic
A: sickness immunity, AC +7, negative energy resistance 1, electricity
resistance, torment resistance 1, petrification resistance
a: Renounce Religion, Heroism, Finesse


You were on level 1 of the Lair of Beasts.
You worshipped Okawaru.
Okawaru was greatly pleased with you.
You visited 3 branches of the dungeon, and saw 10 of its levels.

You collected 631 gold pieces.


Innate Abilities, Weirdness & Mutations

You are immune to sickness and miasma.
Your stone body is resilient. (AC +7)
You are immune to poison.
You resist negative energy. (rN+)
You are resistant to electric shocks. (rElec)
You are resistant to unholy torment.
You are immune to petrification.


   Skills:
 - Level 8.0(13.0) Fighting
 - Level 10.1(15.1) Axes
 - Level 1.0(6.0) Throwing
 - Level 6.3(11.3) Armour
 - Level 1.1(6.1) Dodging
 + Level 4.1(9.1) Shields
 + Level 5.1 Invocations


You had 9 spell levels left.
You didn't know any spells.
Your spell library was empty.

Inventory:

Hand Weapons
 i - a +0 morningstar
 Y - a +0 war axe (weapon)
Armour
 c - a +0 buckler (worn)
 e - a +2 plate armour of willpower (worn)
 m - the +2 cloak of Doanufulla {Harm rC- Str+9}
   (You found it on level 3 of the Dungeon)

   Str:       It affects your strength (+9).
   rC:        It makes you vulnerable to cold.
   Harm:      It increases damage dealt and taken.
 n - a +0 cloak (worn)
Jewellery
 b - a ring of willpower (left hand)
Scrolls
 k - a scroll of identify
 o - a scroll of amnesia {unknown}
Potions
 a - a potion of haste
 d - 2 potions of might
 f - a potion of mutation
 g - 4 potions of curing
 j - a potion of resistance
 l - a potion of cancellation
 p - a potion of invisibility {unknown}
 q - a potion of ambrosia {unknown}
 r - a potion of lignification

Dungeon Overview and Level Annotations

Branches:
Dungeon (8/15)             Temple (1/1) D:4            Lair (1/5) D:8

Altars:
Ashenzari
Cheibriados
Dithmenos
Elyvilon
Fedhas
Gozag
Hepliaklqana
Kikubaaqudgha
Makhleb
Nemelex Xobeh
Okawaru
Qazlal
Sif Muna
Trog
Uskayaw
Vehumet
Wu Jian
Xom
Yredelemnul
Zin
The Shining One

Shops:
D:2 [   D:3 (   D:5 *

Annotations:
D:5 1 runed translucent door, qw's ghost, novice GrFi
D:8 1 transporter


Message History

The polar bear barely misses you.
The polar bear claws you but does no damage. x2
You slash the polar bear!
The polar bear is severely wounded.
The polar bear goes berserk!
You closely miss the polar bear.
The polar bear is severely wounded.
The polar bear bites you! You block the polar bear's attack.
The polar bear claws you but does no damage.
You hit the polar bear.
The polar bear is severely wounded.
The polar bear bites you!
The polar bear claws you but does no damage. x2
You slash the polar bear!
The polar bear is almost dead.
The polar bear bites you!!
The polar bear claws you but does no damage. x2
You hit the polar bear but do no damage.
The polar bear is almost dead.
The polar bear bites you but does no damage.
The polar bear closely misses you.
The polar bear claws you but does no damage.
The polar bear bites you! The polar bear claws you.
The polar bear closely misses you.
9663 ||| DRINKING potion of heal wounds.
You feel much better. The polar bear bites you!
The polar bear barely misses you.
The polar bear claws you but does no damage.
You closely miss the polar bear.
The polar bear is almost dead.
The polar bear bites you!! The polar bear barely misses you.
The polar bear claws you but does no damage.
You hit the polar bear but do no damage.
The polar bear is almost dead.
The polar bear bites you but does no damage.
The polar bear claws you but does no damage. x2
You barely miss the polar bear.
The polar bear is almost dead.
The polar bear bites you!
You die...

............##
..............
.............#
............#
#.....$....#
#.........#
#....h....#
#....@....#
#.........#
#.........#
#<.........#
................##
#################


You could see a polar bear (berserk).

Vanquished Creatures
  Grinder (D:4)
  6 yaks (D:7)
  A steam dragon (D:6)
  An acid dragon (D:8)
  2 water moccasins
  Edmund (D:4)
  3 orc warriors
  2 black bears
  An ogre (D:5)
  3 centaurs
  A phantom (D:6)
  A kobold brigand (D:8)
  3 bullfrogs
  A necrophage (D:6)
  5 scorpions
  8 wights
  A howler monkey (D:4)
  3 jellies
  2 gnoll boudas
  6 hounds
  An orc priest (D:4)
  4 iguanas
  Natasha (twice) (D:4)
  4 orc wizards
  8 adders
  9 gnolls
  2 white imps
  An ufetubus (D:7)
  2 dart slugs
  25 orcs
  3 ball pythons
  4 endoplasms
  6 goblins
  5 hobgoblins
  2 quokkas
  6 bats
  2 frilled lizards
  10 kobolds
  A rat (D:3)
149 creatures vanquished.

Notes
Turn   | Place    | Note
-------+----------+-------------------------------------------
     0 | D:1      | qw the Gargoyle Fighter began the quest for the Orb.
     0 | D:1      | Reached XP level 1. HP: 14/14 MP: 1/1
     0 | D:1      | 0 ||| qw: Version: 0.2-a-10-g399e6c4
     0 | D:1      | 0 ||| qw: Game counter: 156
     0 | D:1      | 0 ||| qw: Always use a shield: true
     0 | D:1      | 0 ||| qw: God list: Okawaru
     0 | D:1      | 0 ||| qw: Allow faded altars: false
     0 | D:1      | 0 ||| qw: Do Orc after D:15 true
     0 | D:1      | 0 ||| qw: Do second Lair branch before Depths: true
     0 | D:1      | 0 ||| qw: Lair rune preference: random
     0 | D:1      | 0 ||| qw: Plans: Normal, Zot:1-4, God:TSO, Crypt, Tomb,
                  | Pan, Slime:5, Hells, Abyss, Orb
     0 | D:1      | 0 ||| PLANNING D:1-11
   225 | D:1      | Reached skill level 2 in Axes
   505 | D:1      | Reached XP level 2. HP: 15/19 MP: 2/2
   777 | D:1      | 777 ||| Stepping ~*~*~tactically~*~*~ (hiding).
   960 | D:1      | 960 ||| UPGRADING to +0 chain mail.
   970 | D:1      | 970 ||| DROPPING +0 scale mail.
   971 | D:1      | 971 ||| READING scroll labelled XISTRUNU NANI.
   972 | D:1      | 972 ||| READING scroll labelled FEPUSS ZIOPT.
   973 | D:1      | 973 ||| READING scroll labelled AGHYZEI HOIMU.
   974 | D:1      | 974 ||| READING 2 scrolls labelled XOENNE OSOIPSIO.
   975 | D:1      | 975 ||| READING scroll labelled KEGOWNEBBA.
   980 | D:1      | 980 ||| DROPPING scroll of magic mapping.
  1074 | D:2      | Reached skill level 3 in Axes
  1147 | D:2      | Reached XP level 3. HP: 23/23 MP: 3/3
  1160 | D:2      | Found Juehoj's Antique Armour Emporium.
  1165 | D:2      | 1165 ||| SHOPLISTING glowing chain mail (150 gold, have
                  | 127).
  1165 | D:2      | 1165 ||| SHOPLISTING heavily runed plate armour (560 gold,
                  | have 127).
  1165 | D:2      | 1165 ||| SHOPLISTING plate armour (460 gold, have 127).
  1165 | D:2      | 1165 ||| SHOPLISTING runed scale mail (140 gold, have 127).
  1421 | D:2      | 1421 ||| Stepping ~*~*~tactically~*~*~ (stealth).
  1485 | D:2      | 1485 ||| FLEEEEING.
  1486 | D:2      | 1486 ||| FLEEEEING.
  1487 | D:2      | 1487 ||| FLEEEEING.
  1532 | D:2      | 1532 ||| Stepping ~*~*~tactically~*~*~ (stealth).
  1542 | D:2      | HP: 5/23 [gnoll/+0 spear (3)]
  1544 | D:2      | Reached XP level 4. HP: 6/28 MP: 4/4
  2050 | D:2      | 2050 ||| READING scroll labelled VEOFON WERI.
  2051 | D:2      | 2051 ||| READING scroll labelled MUTOBREYW.
  2213 | D:3      | Found an opulent altar of Gozag.
  2223 | D:3      | Found a shadowy altar of Dithmenos.
  2226 | D:3      | 2226 ||| Stepping ~*~*~tactically~*~*~ (stealth).
  2237 | D:3      | Found Elumecy's Weapon Boutique.
  2243 | D:3      | 2243 ||| DROPPING +0 whip.
  2274 | D:3      | Reached skill level 4 in Axes
  2345 | D:3      | Found a white marble altar of Elyvilon.
  2451 | D:3      | Found a sparkling altar of Nemelex Xobeh.
  2471 | D:3      | Found a burning altar of Makhleb.
  2473 | D:3      | Noticed a balrug
  2586 | D:3      | Identified the +2 cloak of Doanufulla {Harm rC- Str+9}
  2924 | D:3      | 2924 ||| UPGRADING to +0 cloak.
  2929 | D:3      | 2929 ||| READING scroll labelled TADIRGHA SAXIUTUE.
  2930 | D:3      | 2930 ||| READING scroll labelled EHY ULUPIPH.
  2931 | D:3      | 2931 ||| READING 3 scrolls labelled FAMNEE SIGOTAF.
  2932 | D:3      | 2932 ||| READING 2 scrolls of identify.
  2932 | D:3      | 2932 ||| IDENTIFYING cyan potion
  2994 | D:4      | 2994 ||| Stepping ~*~*~tactically~*~*~ (stealth).
  2995 | D:4      | 2995 ||| Stepping ~*~*~tactically~*~*~ (stealth).
  2999 | D:4      | 2999 ||| Stepping ~*~*~tactically~*~*~ (stealth).
  3025 | D:4      | Reached XP level 5. HP: 32/32 MP: 5/5
  3227 | D:4      | Noticed a black bear
  3239 | D:4      | Killed a black bear
  3240 | D:4      | Reached skill level 5 in Axes
  3240 | D:4      | Reached XP level 6. HP: 16/37 MP: 6/6
  3412 | D:4      | Found a stormy altar of Qazlal.
  3458 | D:4      | Noticed Natasha
  3459 | D:4      | 3459 ||| Stepping ~*~*~tactically~*~*~ (stealth).
  3460 | D:4      | 3460 ||| Stepping ~*~*~tactically~*~*~ (stealth).
  3460 | D:4      | Found a staircase to the Ecumenical Temple.
  3461 | D:4      | 3461 ||| PLANNING TEMPLE
  3461 | D:4      | 3461 ||| Stepping ~*~*~tactically~*~*~ (stealth).
  3462 | D:4      | 3462 ||| Stepping ~*~*~tactically~*~*~ (stealth).
  3463 | D:4      | 3463 ||| UPGRADING to +2 plate armour of willpower.
  3473 | D:4      | 3473 ||| DROPPING +0 chain mail.
  3479 | Temple   | Entered the Ecumenical Temple
  3480 | Temple   | 3480 ||| PLANNING OKAWARU WORSHIP
  3540 | Temple   | Became a worshipper of Warmaster Okawaru
  3541 | Temple   | 3541 ||| PLANNING D:1-11
  3604 | D:4      | 3604 ||| Stepping ~*~*~tactically~*~*~ (stealth).
  3606 | D:4      | 3606 ||| Stepping ~*~*~tactically~*~*~ (hiding).
  3608 | D:4      | 3608 ||| Stepping ~*~*~tactically~*~*~ (hiding).
  3616 | D:4      | Killed Natasha
  3825 | D:4      | Noticed Grinder
  3854 | D:4      | Killed Grinder
  3854 | D:4      | Reached * piety under Okawaru
  3855 | D:4      | Reached skill level 6 in Axes
  3855 | D:4      | Reached XP level 7. HP: 23/43 MP: 7/7
  3982 | D:4      | 3982 ||| Stepping ~*~*~tactically~*~*~ (stealth).
  4093 | D:4      | Reached skill level 1 in Invocations
  4119 | D:4      | Noticed Edmund
  4120 | D:4      | 4120 ||| INVOKING Heroism.
  4134 | D:4      | 4134 ||| INVOKING Heroism.
  4135 | D:4      | Killed Edmund
  4444 | D:4      | 4444 ||| Stepping ~*~*~tactically~*~*~ (stealth).
  4607 | D:4      | 4607 ||| DRINKING 2 pink potions.
  4608 | D:4      | 4608 ||| DROPPING potion of flight.
  4616 | D:4      | Noticed Natasha
  4617 | D:4      | 4617 ||| Stepping ~*~*~tactically~*~*~ (hiding).
  4621 | D:4      | 4621 ||| INVOKING Heroism.
  4636 | D:4      | Killed Natasha
  4689 | D:5      | Entered Level 5 of the Dungeon
  4850 | D:5      | Found an ancient bone altar of Kikubaaqudgha.
  4858 | D:5      | Reached skill level 3 in Invocations
  4870 | D:5      | Found Cayroph's Overcharged Wands.
  4879 | D:5      | 4879 ||| SHOPLISTING wand of digging (11) (693 gold, have
                  | 468).
  4900 | D:5      | Reached skill level 7 in Axes
  4902 | D:5      | 4902 ||| DROPPING +0 flail.
  4904 | D:5      | Noticed qw's ghost (novice GrFi)
  4908 | D:5      | 4908 ||| Stepping ~*~*~tactically~*~*~ (hiding).
  4919 | D:5      | 4919 ||| INVOKING Heroism.
  4921 | D:5      | Reached XP level 8. HP: 33/48 MP: 7/10
  4947 | D:5      | 4947 ||| FLEEEEING.
  4948 | D:5      | 4948 ||| FLEEEEING.
  4953 | D:5      | 4953 ||| STAIRDANCE
  5012 | D:4      | 5012 ||| DRINKING 2 green potions.
  5119 | D:5      | 5119 ||| INVOKING Heroism.
  5181 | D:5      | Found a runed translucent door.
  5209 | D:5      | Found a shimmering blue altar of Sif Muna.
  5220 | D:5      | 5220 ||| INVOKING Heroism.
  5553 | D:5      | 5553 ||| Stepping ~*~*~tactically~*~*~ (hiding).
  5556 | D:5      | 5556 ||| Stepping ~*~*~tactically~*~*~ (hiding).
  5559 | D:5      | 5559 ||| INVOKING Heroism.
  5567 | D:5      | 5567 ||| READING scroll of teleportation.
  5590 | D:5      | Reached skill level 1 in Dodging
  5715 | D:5      | Reached ** piety under Okawaru
  5751 | D:5      | 5751 ||| Stepping randomly (stuck).
  5753 | D:5      | 5753 ||| Stepping randomly (stuck).
  5755 | D:5      | 5755 ||| Stepping randomly (stuck).
  5757 | D:5      | 5757 ||| Stepping randomly (stuck).
  5759 | D:5      | 5759 ||| Stepping randomly (stuck).
  5761 | D:5      | 5761 ||| Stepping randomly (stuck).
  5762 | D:5      | 5762 ||| Stepping randomly (stuck).
  5849 | D:5      | 5849 ||| READING 2 scrolls of identify.
  5849 | D:5      | 5849 ||| IDENTIFYING glowing white potion
  5850 | D:5      | 5850 ||| DROPPING potion of degeneration.
  5862 | D:6      | 5862 ||| INVOKING Heroism.
  5878 | D:6      | Reached skill level 8 in Axes
  5914 | D:6      | 5914 ||| Stepping ~*~*~tactically~*~*~ (stealth).
  5931 | D:6      | Found a glowing golden altar of the Shining One.
  5936 | D:6      | 5936 ||| INVOKING Heroism.
  5946 | D:6      | Reached skill level 6 in Fighting
  5946 | D:6      | Reached XP level 9. HP: 31/56 MP: 10/12
  6321 | D:6      | 6321 ||| INVOKING Heroism.
  6398 | D:6      | 6398 ||| FLEEEEING.
  6399 | D:6      | 6399 ||| FLEEEEING.
  6400 | D:6      | 6400 ||| FLEEEEING.
  6401 | D:6      | 6401 ||| FLEEEEING.
  6402 | D:6      | 6402 ||| FLEEEEING.
  6403 | D:6      | 6403 ||| FLEEEEING.
  6404 | D:6      | 6404 ||| FLEEEEING.
  6405 | D:6      | 6405 ||| FLEEEEING.
  6406 | D:6      | 6406 ||| INVOKING Heroism.
  6429 | D:6      | 6429 ||| INVOKING Heroism.
  6451 | D:6      | 6451 ||| Stepping ~*~*~tactically~*~*~ (stealth).
  6688 | D:6      | Reached skill level 1 in Throwing
  6837 | D:6      | 6837 ||| DROPPING orb of light.
  6879 | D:7      | 6879 ||| STAIRDANCE
  6933 | D:7      | Reached skill level 9 in Axes
  7010 | D:7      | 7010 ||| Stepping ~*~*~tactically~*~*~ (hiding).
  7012 | D:7      | 7012 ||| Stepping ~*~*~tactically~*~*~ (hiding).
  7037 | D:7      | Found a flagged portal.
  7062 | D:7      | 7062 ||| Stepping ~*~*~tactically~*~*~ (stealth).
  7064 | D:7      | 7064 ||| Stepping ~*~*~tactically~*~*~ (hiding).
  7065 | D:7      | 7065 ||| Stepping ~*~*~tactically~*~*~ (hiding).
  7066 | D:7      | 7066 ||| Stepping ~*~*~tactically~*~*~ (hiding).
  7071 | D:7      | Reached *** piety under Okawaru
  7136 | D:7      | 7136 ||| Stepping ~*~*~tactically~*~*~ (stealth).
  7137 | D:7      | 7137 ||| Stepping ~*~*~tactically~*~*~ (stealth).
  7138 | D:7      | 7138 ||| Stepping ~*~*~tactically~*~*~ (stealth).
  7139 | D:7      | 7139 ||| Stepping ~*~*~tactically~*~*~ (stealth).
  7150 | D:7      | 7150 ||| Stepping ~*~*~tactically~*~*~ (hiding).
  7154 | D:7      | 7154 ||| INVOKING Heroism.
  7266 | D:7      | 7266 ||| Stepping ~*~*~tactically~*~*~ (stealth).
  7272 | D:7      | 7272 ||| Stepping ~*~*~tactically~*~*~ (stealth).
  7276 | D:7      | 7276 ||| INVOKING Heroism.
  7286 | D:7      | HP: 14/57 [yak (8)]
  7287 | D:7      | Reached skill level 6 in Armour
  7287 | D:7      | 7287 ||| READING scroll of teleportation.
  7290 | D:7      | HP: 4/57 [yak (4)]
  7293 | D:7      | 7293 ||| INVOKING Heroism.
  7313 | D:7      | Reached XP level 10. HP: 8/63 MP: 13/13
  7401 | D:7      | 7401 ||| FLEEEEING.
  7402 | D:7      | 7402 ||| FLEEEEING.
  7403 | D:7      | 7403 ||| FLEEEEING.
  7404 | D:7      | 7404 ||| FLEEEEING.
  7405 | D:7      | 7405 ||| FLEEEEING.
  7406 | D:7      | 7406 ||| FLEEEEING.
  7407 | D:7      | 7407 ||| FLEEEEING.
  7408 | D:7      | 7408 ||| FLEEEEING.
  7409 | D:7      | 7409 ||| FLEEEEING.
  7410 | D:7      | 7410 ||| FLEEEEING.
  7411 | D:7      | 7411 ||| FLEEEEING.
  7412 | D:7      | 7412 ||| FLEEEEING.
  7413 | D:7      | 7413 ||| FLEEEEING.
  7415 | D:7      | 7415 ||| FLEEEEING.
  7416 | D:7      | 7416 ||| FLEEEEING.
  7417 | D:7      | 7417 ||| FLEEEEING.
  7418 | D:7      | 7418 ||| FLEEEEING.
  7419 | D:7      | 7419 ||| FLEEEEING.
  7420 | D:7      | 7420 ||| FLEEEEING.
  7421 | D:7      | 7421 ||| FLEEEEING.
  7422 | D:7      | 7422 ||| STAIRDANCE
  7584 | D:6      | 7584 ||| READING 2 scrolls of identify.
  7584 | D:6      | 7584 ||| IDENTIFYING ruby potion
  7594 | D:7      | 7594 ||| STAIRDANCE
  7703 | D:7      | Reached **** piety under Okawaru
  7704 | D:7      | Reached skill level 10 in Axes
  7704 | D:7      | 7704 ||| FLEEEEING.
  7705 | D:7      | 7705 ||| FLEEEEING.
  7706 | D:7      | 7706 ||| FLEEEEING.
  7710 | D:7      | 7710 ||| FLEEEEING.
  7711 | D:7      | 7711 ||| FLEEEEING.
  7712 | D:7      | 7712 ||| STAIRDANCE
  7829 | D:7      | 7829 ||| INVOKING Heroism.
  7907 | D:7      | 7907 ||| INVOKING Heroism.
  8219 | D:8      | 8219 ||| Stepping ~*~*~tactically~*~*~ (hiding).
  8230 | D:8      | 8230 ||| INVOKING Heroism.
  8249 | D:8      | HP: 16/64 [wight/+1 trident of freezing (4)]
  8250 | D:8      | 8250 ||| READING scroll of teleportation.
  8251 | D:8      | 8251 ||| INVOKING Heroism.
  8254 | D:8      | HP: 6/64 [wight/+1 trident of freezing (7)]
  8684 | D:8      | 8684 ||| Stepping ~*~*~tactically~*~*~ (stealth).
  8728 | D:8      | 8728 ||| Stepping ~*~*~tactically~*~*~ (hiding).
  8730 | D:8      | 8730 ||| Stepping ~*~*~tactically~*~*~ (hiding).
  8745 | D:8      | 8745 ||| Stepping ~*~*~tactically~*~*~ (stealth).
  8747 | D:8      | 8747 ||| Stepping ~*~*~tactically~*~*~ (hiding).
  8748 | D:8      | 8748 ||| Stepping ~*~*~tactically~*~*~ (hiding).
  8750 | D:8      | 8750 ||| Stepping ~*~*~tactically~*~*~ (hiding).
  8912 | D:8      | 8912 ||| Stepping ~*~*~tactically~*~*~ (stealth).
  8923 | D:8      | 8923 ||| Stepping ~*~*~tactically~*~*~ (hiding).
  8924 | D:8      | 8924 ||| Stepping ~*~*~tactically~*~*~ (hiding).
  8925 | D:8      | 8925 ||| Stepping ~*~*~tactically~*~*~ (hiding).
  9025 | D:8      | Found a staircase to the Lair.
  9241 | D:8      | Found a transporter.
  9574 | D:8      | 9574 ||| PLANNING LAIR
  9574 | D:8      | 9574 ||| UPGRADING to ring of willpower.
  9575 | D:8      | 9575 ||| READING scroll labelled SEUR ZIC JERRE.
  9576 | D:8      | 9576 ||| DRINKING 2 sapphire potions.
  9625 | D:8      | 9625 ||| READING 4 scrolls of identify.
  9625 | D:8      | 9625 ||| IDENTIFYING glowing amethyst potion
  9626 | D:8      | 9626 ||| READING 3 scrolls of identify.
  9626 | D:8      | 9626 ||| IDENTIFYING smoky brown potion
  9627 | D:8      | 9627 ||| READING 2 scrolls of identify.
  9627 | D:8      | 9627 ||| IDENTIFYING inky potion
  9644 | Lair:1   | Entered Level 1 of the Lair of Beasts
  9650 | Lair:1   | 9650 ||| INVOKING Heroism.
  9662 | Lair:1   | HP: 14/64 [polar bear (11)]
  9663 | Lair:1   | 9663 ||| DRINKING potion of heal wounds.
  9664 | Lair:1   | HP: 3/64 [polar bear (18)]
  9666 | Lair:1   | Mangled by a polar bear

Levels and vault maps discovered:
D:1:      onia_arrival_pentagram, layout_basic
D:2:      layout_loops_ring, serial_shops, nicolae_shop_hallway_plus
D:3:      layout_basic, makhleb_altar_promises_db, amcnicky_altar_gilded,
          mainiacjoe_overflow_large_starburst, nicolae_elyvilon_peaceful_grove,
          serial_shops, nicolae_shop_stone, dreamdust_wishing_well,
          dreamdust_princess_corridor
D:4:      layout_loops_corners, lemuel_coloured_pillars_altar, temple_doors_cd,
          uniq_edmund, uniq_grinder, uniq_natasha
D:5:      minmay_chambers_of_fours, layout_gridville,
          nicolae_sif_muna_condensation, kiku_gazebo_pond_becter,
          hellmonk_ghost_happy_afterlife, nicolae_shop_overcharged_wands
D:6:      layout_basic, mainiacjoe_overflow_chevrons, kennysheep_dice
D:7:      layout_cave_pools, enter_bailey_1
D:8:      layout_basic, lair_entry_dummy, nicolae_diode_basic
Temple:   nicolae_temple_x_marks_the_god
Lair:1:   layout_small_grid, nicolae_lair_grove_arrangements, lemuel_fruit_tree,
          uniq_erica, uniq_grum

Skill      XL: |  1  2  3  4  5  6  7  8  9 10 |
---------------+-------------------------------+-----
Axes           | 2 3 4 5 6 7 8 9 10 | 10.1
Fighting       | 4 6 7 8 |  8.0
Invocations    | 3 4 5 |  5.1
Armour         | 4 6 |  6.3
Dodging        | 1 |  1.1
Throwing       | 1 |  1.0
Shields        | 4 |  4.1

Action                   |  1- 3 |  4- 6 |  7- 9 | 10-12 || total
-------------------------+-------+-------+-------+-------++-------
Melee: War axe           |    66 |   127 |   337 |   113 ||   643
Throw: Boomerang         |       |       |     6 |       ||     6
Invok: Heroism           |       |       |    15 |     5 ||    20
  Use: Scroll            |     5 |     6 |     3 |     6 ||    20
       Potion            |       |       |     2 |     2 ||     4
Armor: Scale mail        |    12 |       |       |       ||    12
       Chain mail        |    28 |    49 |       |       ||    77
       Plate armour      |       |    28 |   210 |    99 ||   337
Dodge: Dodged            |    23 |    39 |    75 |    50 ||   187
Block: Buckler           |    11 |    16 |    50 |    27 ||   104

Table legend:
 A = Non-vault XP
 B = Vault XP
 C = Vault XP percentage of total XP
 D = Non-vault monster count
 E = Vault monster count
 F = Vault count percentage of total count
                 A         B        C        D         E       F
            +---------+---------+-------+---------+---------+-------
      Total |    5256 |    1018 |  16.2 |     138 |      11 |   7.4
            +---------+---------+-------+---------+---------+-------
        D:1 |      14 |       0 |   0.0 |       7 |       0 |   0.0
        D:2 |      81 |       0 |   0.0 |      16 |       0 |   0.0
        D:3 |      34 |       0 |   0.0 |      14 |       0 |   0.0
        D:4 |     491 |     465 |  48.6 |      30 |       3 |   9.1
        D:5 |     425 |     411 |  49.2 |      13 |       6 |  31.6
        D:6 |    1071 |     142 |  11.7 |      19 |       2 |   9.5
        D:7 |    2152 |       0 |   0.0 |      22 |       0 |   0.0
        D:8 |     988 |       0 |   0.0 |      17 |       0 |   0.0
            +---------+---------+-------+---------+---------+-------
